 Dungeon Crawl Stone Soup version 0.25.1-1-g288607f5aa (webtiles) character file.

Game seed: 7147237575910741483

41280 Acheron the Grappler (level 13, -24/123 HPs)
             Began as a Troll Monk on July 21, 2020.
             Was a High Priest of Okawaru.
             Annihilated by a cyan very ugly thing (26 damage)
             ... on level 4 of the Abyss.
             The game lasted 02:00:34 (14709 turns).

Acheron the Grappler (Troll Monk)                  Turns: 14709, Time: 02:00:34

Health: -24/123    AC: 10    Str: 22    XL:     13   Next: 79%
Magic:  0/16       EV: 18    Int:  8    God:    Okawaru [*****.]
Gold:   1293       SH:  0    Dex: 18    Spells: 16/17 levels left

rFire    . . .     SeeInvis +     - Unarmed
rCold    + . .     Gourm    +   (no shield)
rNeg     + . .     Faith    .   J - +0 steam dragon scales
rPois    +         Spirit   +   Z - +0 hat {SInv}
rElec    .         Reflect  .   (no cloak)
rCorr    .         Harm     .   (gloves unavailable)
MR       .....                  (boots unavailable)
Stlth    ++++++....             t - amulet of guardian spirit
HPRegen  0.70/turn              O - ring of positive energy
MPRegen  0.15/turn              s - ring of Lusajes {rPois rC+ Dex+4 Stlth+}

@: heroism, finesse, hasted and slowed
A: large, unfitting armour, claws 3, fast metabolism 3, gourmand, regeneration
1, shaggy fur 1, tough skin 3
a: Heroism, Finesse, Renounce Religion


You were on level 4 of the Abyss.
You worshipped Okawaru.
Okawaru was extremely pleased with you.
You were not hungry.

You visited 4 branches of the dungeon, and saw 20 of its levels.
You visited the Abyss 1 time.
You also visited: Ossuary.

You collected 1374 gold pieces.
You spent 81 gold pieces at shops.

Inventory:

Hand Weapons
 j - a +1 vorpal mace
 l - a +1 glaive of protection
 u - a +1 short sword of draining
 M - a +2 great mace of protection
 U - a +1 broad axe of flaming
Missiles
 a - 14 atropa-tipped darts
 d - 7 large rocks
 e - 206 stones
 h - 14 boomerangs (quivered)
 C - 2 throwing nets
 K - 9 javelins
 N - 2 silver javelins
Armour
 y - a +0 robe of fire resistance
 A - a +0 kite shield
 J - +0 steam dragon scales (worn)
 Z - a +0 hat of see invisible (worn)
Jewellery
 g - a +4 ring of evasion
 s - the ring of Lusajes (right claw) {rPois rC+ Dex+4 Stlth+}
   (You acquired it on level 4 of the Dungeon)

   [ring of poison resistance]

   It affects your dexterity (+4).
   It protects you from cold.
   It protects you from poison.
   It makes you more stealthy.
 t - an amulet of guardian spirit (around neck)
 x - an uncursed ring of fire
 O - a ring of positive energy (left claw)
 S - the ring of Fixation {MP+9 Str+4}
   (You found it on level 5 of the Lair of Beasts)

   [ring of magical power]

   It affects your strength (+4).
   It affects your magic capacity (+9).
Wands
 i - a wand of digging (6)
 F - a wand of flame (12)
 H - a wand of disintegration (14)
Scrolls
 f - 9 scrolls of remove curse
 n - 4 scrolls of fog
 r - 4 scrolls of teleportation
 z - a scroll of fear
 V - a scroll of enchant weapon
Potions
 c - a potion of mutation
 k - 2 potions of berserk rage
 m - 5 potions of curing
 o - 3 potions of haste
 p - 2 potions of resistance
 q - 3 potions of lignification
 w - 2 potions of flight
 B - 2 potions of cancellation
 D - 4 potions of heal wounds
 T - a potion of stabbing
 W - a potion of might {unknown}
Miscellaneous
 Y - a phantom mirror
Comestibles
 b - 28 rations


   Skills:
 * Level 6.7(11.7) Fighting
 + Level 3.8(8.8) Maces & Flails
 * Level 7.3(12.3) Throwing
 * Level 6.8(11.8) Dodging
 * Level 5.2(10.2) Stealth
 * Level 5.3(10.3) Shields
 * Level 14.0(19.0) Unarmed Combat
 - Level 2.5 Spellcasting
 * Level 5.8 Invocations
 * Level 3.9 Evocations


You had 16 spell levels left.
You knew the following spells:

 Your Spells              Type           Power        Failure   Level  Hunger
a - Summon Small Mammal   Summ           #...         34%         1    ##.....

Your spell library contained the following spells:

 Spells                   Type           Power        Failure   Level  Hunger
 Dazzling Flash           Conj/Hex       #.....       71%         3    ####...
 Recall                   Summ/Tloc      N/A          71%         3    ####...
 Cause Fear               Hex            #.........   98%         4    #####..
 Aura of Abjuration       Summ           #.........   100%        5    ######.
 Silence                  Hex/Air        #.........   100%        5    ######.
 Summon Demon             Summ           #.........   100%        5    ######.
 Summon Forest            Summ/Tloc      #.........   100%        5    ######.
 Summon Mana Viper        Hex/Summ       #.......     100%        5    ######.
 Yara's Violent Unravell  Hex/Tmut       #.........   100%        5    ######.
 Shadow Creatures         Summ           N/A          100%        6    #######
 Discord                  Hex            #.........   100%        8    #######


Dungeon Overview and Level Annotations

Branches:
Dungeon (12/15)            Temple (1/1) D:5            Lair (6/6) D:11
  Swamp (1/4) Lair:3       Spider (0/4) Lair:2        Slime (0/5) Lair:5
Ossuary (visited)
    Orc: D:9-12

Altars:
Ashenzari
Fedhas
Nemelex Xobeh
Okawaru
Trog
Vehumet
Yredelemnul
Zin
Beogh

Shops:
D:5 [   D:7 *

Annotations:
D:7 1 runed translucent door, wojtek's ghost, novice DsGl
Lair:2 Sonja
Lair:3 exclusion: upstairs
Lair:5 Snorg
Lair:6 3 runed translucent doors, Fashaeth's ghost, adept VSFi


Innate Abilities, Weirdness & Mutations

You are too large for most types of armour.
You have claws for hands.
Your metabolism is lightning-fast.
You like to eat raw meat.
Your natural rate of healing is unusually fast.
You are covered in fur. (AC +1)
You have extremely tough skin. (AC +3)


Message History

You claw the cacodemon!
The cacodemon is almost dead.
You closely miss the cacodemon.
The cacodemon is almost dead.
The cacodemon gestures at you. You resist with significant effort.
You claw the cacodemon!
The cacodemon is almost dead.
You closely miss the cacodemon.
The cacodemon is almost dead.
The cacodemon misses you. The cacodemon hits you.
* * * LOW HITPOINT WARNING * * *
You mangle the cacodemon!!
You kill the cacodemon!
Okawaru is honoured by your kill.
The substance of the Abyss twists violently, and a gateway leading out appears!
The cyan very ugly thing kicks you!
* * * LOW HITPOINT WARNING * * *
The cyan very ugly thing shocks you!!
You die...

.. #. . .
. #. .. .
#...#. #≈#
. .
#....## #
## ..
..≈#⌠2X#
#. . .
.*Lu.X ..
.. . #⌠
⌠#.#....2.
# #
##u#### .
.. # ..
#uu@.# .
.. .
#.#§## . #
. #≈### .
.### ### .
.. ..# .


You could see 3 very ugly things and a wretched star.

Vanquished Creatures
  Gastronok (Lair:3)
  A tentacled starspawn (Abyss:3)
  A cacodemon (Abyss:4)
  A very ugly thing (Abyss:4)
  5 dire elephants (Lair:6)
  Fannar (Lair:3)
  A hydra (Lair:6)
  A catoblepas (Lair:6)
  An anaconda (Lair:6)
  Urug (D:11)
  2 two-headed ogres (D:11)
  A thrashing horror (Abyss:2)
  An unseen horror (D:11)
  2 cyclopes (D:11)
  2 ugly things
  A manticore (D:11)
  2 black mambas
  2 centaur zombies (D:11)
  4 elephants (Lair:6)
  12 spiny frogs
  A smoke demon (Abyss:4)
  A rime drake (Lair:6)
  6 komodo dragons
  2 ancient zymes (Abyss:4)
  A troll (D:11)
  A polar bear (Lair:6)
  A tyrant leech (Abyss:2)
  A hornet (Swamp:1)
  3 slime creatures
  3 blink frogs (Lair:6)
  9 hippogriffs
  2 vampires (D:9)
  12 yaks
  4 water elementals (Abyss:4)
  A spriggan (Swamp:1)
  2 small abominations (Abyss:2)
  Grum (D:8)
  2 hungry ghosts (D:11)
  Menkaure (D:6)
  A chaos spawn (Abyss:3)
  A neqoxec (Abyss:4)
  5 steam dragons
  A soldier ant (D:11)
  8 water moccasins
  4 porcupines
  2 orc warriors
  3 ice beasts
  A phantom (D:5)
  A black bear (Lair:1)
  An eye of draining (D:11)
  5 necrophages
  6 wolves
  4 ogres
  3 centaurs
  13 crocodiles
  2 big kobolds (D:10)
  Blork the orc (D:6)
  9 bullfrogs
  2 earth elementals (Abyss:4)
  2 wyvern zombies
  7 scorpions
  3 howler monkeys (D:8)
  An electric eel (Lair:3)
  3 crimson imps
  A bullfrog zombie (D:4)
  6 jellies
  4 orc priests
  A centaur skeleton (D:8)
  A gnoll shaman (D:4)
  2 hounds
  4 iguanas
  10 worker ants
  6 orc wizards
  A hound zombie (D:6)
  8 mummies (Ossuary)
  A hound skeleton (D:4)
  2 howler monkey zombies
  7 gnolls
  10 adders
  A shadow imp (D:11)
  4 oozes
  An adder skeleton (D:6)
  2 worms
  5 dart slugs
  7 leopard geckos
  29 orcs
  5 giant cockroaches
  5 goblins
  9 hobgoblins
  6 jackals
  15 kobolds
  5 quokkas
  A ball python (D:4)
  8 bats
  7 frilled lizards
  3 gnoll zombies (Ossuary)
  A hobgoblin zombie (Ossuary)
  A jackal skeleton (D:5)
  4 kobold zombies (Ossuary)
  A leopard gecko zombie (D:5)
  A quokka skeleton (D:4)
  A quokka zombie (D:7)
  8 rats
  A starspawn tentacle (Abyss:3)
381 creatures vanquished.

Vanquished Creatures (others)
  3 golden eyes
  2 kobolds (D:10)
  6 bushes (D:11)
  16 fungi
  20 plants
  7 starspawn tentacles
54 creatures vanquished.

Grand Total: 435 creatures vanquished

Notes
Turn   | Place    | Note
-------+----------+-------------------------------------------
     0 | D:1      | Acheron the Troll Monk began the quest for the Orb.
     0 | D:1      | Reached XP level 1. HP: 22/22 MP: 0/0
   403 | D:2      | Reached XP level 2. HP: 29/29 MP: 1/1
   598 | D:1      | Reached XP level 3. HP: 35/36 MP: 2/2
  1415 | D:2      | Reached skill level 1 in Throwing
  1459 | D:2      | Reached XP level 4. HP: 41/44 MP: 3/3
  2114 | D:3      | Reached skill level 4 in Unarmed Combat
  2117 | D:3      | Reached XP level 5. HP: 52/52 MP: 4/4
  2136 | D:4      | Found a sand-covered staircase.
  2149 | Ossuary  | Entered an ossuary
  2525 | D:4      | Reached XP level 6. HP: 58/61 MP: 5/5
  2720 | D:5      | Entered Level 5 of the Dungeon
  2720 | D:5      | Found Quul's Antique Armour Boutique.
  2768 | D:5      | Reached skill level 5 in Unarmed Combat
  2951 | D:4      | Identified a scroll of acquirement
  2951 | D:4      | Acquired the ring of Lusajes {rPois rC+ Dex+4 Stlth+}
  2994 | D:4      | Reached XP level 7. HP: 66/67 MP: 6/6
  3464 | D:3      | Found a bloodstained altar of Trog.
  3690 | D:4      | Reached skill level 6 in Unarmed Combat
  3755 | D:4      | Found an iron altar of Okawaru.
  3756 | D:4      | Found a glowing silver altar of Zin.
  3769 | D:4      | Became a worshipper of Warmaster Okawaru
  3769 | D:4      | Reached * piety under Okawaru
  3769 | D:4      | Reached ** piety under Okawaru
  3903 | D:4      | Found a sparkling altar of Nemelex Xobeh.
  4002 | D:5      | Found a basalt altar of Yredelemnul.
  4137 | D:5      | Found a staircase to the Ecumenical Temple.
  4219 | D:5      | Reached XP level 8. HP: 58/78 MP: 7/7
  4341 | Temple   | Entered the Ecumenical Temple
  4367 | D:5      | Reached skill level 7 in Unarmed Combat
  4367 | D:5      | Reached skill level 1 in Invocations
  4970 | D:6      | Noticed Menkaure
  4977 | D:6      | Killed Menkaure
  5070 | D:6      | Reached *** piety under Okawaru
  5175 | D:6      | Noticed Blork the orc
  5383 | D:6      | Killed Blork the orc
  5384 | D:6      | Found a bloodstained altar of Trog.
  5404 | D:6      | Reached skill level 1 in Shields
  5431 | D:6      | You fall into a shaft and drop 1 floor!
  5440 | D:7      | Found Ydei's Assorted Antiques.
  5460 | D:7      | Bought a scroll labeled PUIGIRO HAUHAG for 29 gold pieces
  5460 | D:7      | Bought a sedimented black potion for 26 gold pieces
  5460 | D:7      | Bought a fizzy emerald potion for 26 gold pieces
  5522 | D:7      | Found a runed translucent door.
  5534 | D:7      | Noticed wojtek's ghost (novice DsGl)
  5599 | D:7      | Reached XP level 9. HP: 84/84 MP: 9/9
  5622 | D:7      | Found a bloodstained altar of Trog.
  5778 | D:8      | Reached skill level 8 in Unarmed Combat
  5798 | D:8      | Found a radiant altar of Vehumet.
  5820 | D:8      | Reached skill level 1 in Spellcasting
  5925 | D:8      | Noticed Grum
  5935 | D:8      | Killed Grum
  5935 | D:8      | Reached **** piety under Okawaru
  6061 | D:8      | Found a shattered altar of Ashenzari.
  6210 | D:9      | Reached skill level 9 in Unarmed Combat
  6410 | D:10     | Entered Level 10 of the Dungeon
  6801 | D:10     | Reached XP level 10. HP: 78/94 MP: 11/11
  7075 | D:11     | Noticed a cyclops
  7210 | D:9      | Found a roughly hewn altar of Beogh.
  7438 | D:11     | Noticed Urug
  7453 | D:11     | Killed Urug
  7453 | D:11     | Reached ***** piety under Okawaru
  7453 | D:11     | Received a gift from Okawaru
  7497 | D:11     | Reached skill level 10 in Unarmed Combat
  7657 | D:11     | Noticed a two-headed ogre
  7782 | D:12     | Noticed a centaur warrior
  7798 | D:12     | Reached skill level 5 in Dodging
  7886 | D:11     | Found a blossoming altar of Fedhas.
  7948 | D:11     | Noticed a two-headed ogre
  8066 | D:11     | Killed a two-headed ogre
  8066 | D:11     | Reached skill level 5 in Fighting
  8160 | D:11     | Noticed a cyclops
  8211 | D:11     | Killed a cyclops
  8211 | D:11     | Received a gift from Okawaru
  8442 | D:11     | Killed a cyclops
  8521 | D:11     | Killed a two-headed ogre
  8521 | D:11     | Reached XP level 11. HP: 23/102 MP: 2/13
  8689 | D:11     | Killed an unseen horror
  8769 | D:11     | Reached skill level 1 in Evocations
  8773 | D:11     | Reached skill level 11 in Unarmed Combat
  8832 | D:11     | Noticed a red ugly thing
  8834 | D:11     | Received a gift from Okawaru
  8848 | D:11     | Killed a red ugly thing
  8989 | D:11     | Found a staircase to the Lair.
  9028 | Lair:1   | Entered Level 1 of the Lair of Beasts
  9190 | Lair:1   | Reached skill level 5 in Throwing
  9925 | Lair:2   | Found a hole to the Spider Nest.
  9982 | Lair:2   | Received a gift from Okawaru
 10495 | Lair:2   | Noticed an eight-headed hydra
 10521 | Lair:2   | You fall into a shaft and drop 2 floors!
 10532 | Lair:4   | You fall into a shaft and drop 2 floors!
 10532 | Lair:6   | Entered Level 6 of the Lair of Beasts
 10558 | Lair:6   | Reached skill level 12 in Unarmed Combat
 10569 | Lair:6   | Noticed a five-headed hydra
 10596 | Lair:6   | Noticed a catoblepas
 10600 | Lair:6   | Noticed an anaconda
 10604 | Lair:6   | Killed an anaconda
 10604 | Lair:6   | Received a gift from Okawaru
 10605 | Lair:6   | Found the +8 longbow "Zephyr" {speed, Dex+3 SInv}
 10612 | Lair:6   | Found a runed translucent gate.
 10612 | Lair:6   | Found a runed translucent gate.
 10612 | Lair:6   | Found a runed translucent gate.
 10614 | Lair:6   | Noticed a catoblepas
 10615 | Lair:6   | Noticed a minotaur
 10618 | Lair:6   | Noticed Fashaeth's ghost (adept VSFi)
 10706 | Lair:6   | Reached skill level 1 in Maces & Flails
 10740 | Lair:5   | Noticed Snorg
 10760 | Lair:5   | Reached XP level 12. HP: 109/113 MP: 10/14
 10911 | Lair:6   | Killed a five-headed hydra
 11706 | Lair:6   | Received a gift from Okawaru
 11861 | Lair:6   | Noticed a dire elephant
 11861 | Lair:6   | Noticed a dire elephant
 11862 | Lair:6   | Noticed a dire elephant
 11895 | Lair:6   | Killed a dire elephant
 11923 | Lair:6   | Received a gift from Okawaru
 11929 | Lair:6   | Killed a catoblepas
 11964 | Lair:6   | Noticed a dire elephant
 11987 | Lair:6   | Killed a dire elephant
 11987 | Lair:6   | Reached skill level 5 in Invocations
 11998 | Lair:6   | Killed a dire elephant
 12145 | Lair:6   | Reached ****** piety under Okawaru
 12145 | Lair:6   | Received a gift from Okawaru
 12391 | Lair:6   | Noticed a dire elephant
 12391 | Lair:6   | Noticed a dire elephant
 12406 | Lair:6   | Killed a dire elephant
 12406 | Lair:6   | Reached skill level 13 in Unarmed Combat
 12411 | Lair:6   | Killed a dire elephant
 12421 | Lair:6   | Identified the Volume of Creative Conjuration
 12425 | Lair:6   | Learned a level 1 spell: Summon Small Mammal
 12514 | Lair:6   | Reached XP level 13. HP: 110/120 MP: 12/15
 12544 | Lair:5   | Reached skill level 5 in Stealth
 12585 | Lair:5   | Found a staircase to the Slime Pits.
 12610 | Lair:5   | Got a scintillating tin ring
 12808 | Lair:4   | Identified the ring of Fixation {MP+9 Str+4} (You found it
                  | on level 5 of the Lair of Beasts)
 13056 | Lair:3   | Found a staircase to the Swamp.
 13172 | Lair:3   | Noticed Gastronok
 13295 | Lair:3   | Killed Gastronok
 13295 | Lair:3   | Received a gift from Okawaru
 13525 | Lair:3   | Noticed Fannar
 13531 | Lair:3   | Killed Fannar
 13704 | Lair:2   | Noticed Sonja
 13733 | Swamp:1  | Entered Level 1 of the Swamp
 13795 | Swamp:1  | Noticed a green very ugly thing
 14044 | Lair:2   | Reached skill level 5 in Shields
 14211 | Lair:2   | Cast into level 2 of the Abyss (Sonja)
 14211 | Abyss:2  | Found a corrupted altar of Lugonu.
 14300 | Abyss:3  | Noticed a tentacled starspawn
 14311 | Abyss:3  | Killed a tentacled starspawn
 14543 | Abyss:4  | Received a gift from Okawaru
 14648 | Abyss:4  | Noticed a green death
 14652 | Abyss:4  | Noticed a purple very ugly thing
 14652 | Abyss:4  | Noticed a purple very ugly thing
 14652 | Abyss:4  | Noticed a purple very ugly thing
 14652 | Abyss:4  | Noticed a purple very ugly thing
 14652 | Abyss:4  | Noticed a purple very ugly thing
 14673 | Abyss:4  | Noticed a cacodemon
 14678 | Abyss:4  | Killed a red very ugly thing
 14678 | Abyss:4  | Reached skill level 14 in Unarmed Combat
 14679 | Abyss:4  | Noticed a blizzard demon
 14679 | Abyss:4  | Noticed a tentacled starspawn
 14682 | Abyss:4  | Noticed a lich
 14708 | Abyss:4  | Killed a cacodemon
 14709 | Abyss:4  | HP: 2/123 [cyan very ugly thing (10)]
 14709 | Abyss:4  | Annihilated by a cyan very ugly thing

Illustrated notes

Levels and vault maps discovered:
D:1:      dpeg_arrival_prison, layout_basic
D:2:      layout_loops_ring, grunt_ministairs_14
D:3:      layout_basic, trog_three_pillars_becter
D:4:      layout_rooms, nemelex_altar_shiori,
          chequers_temple_overflow_statue_of_worship, enter_ossuary_1,
          glass_columns_c
D:5:      layout_cave_pools, minmay_temple_entry_statues_pillars, first_ration,
          serial_shops, shop, lemuel_tele_altar
D:6:      layout_loops_ring, trog_butcher_becter, uniq_menkaure,
          uniq_blork_the_orc
D:7:      layout_loops_cross, lemuel_doored_altar,
          ebering_ghost_reflecting_pool, serial_shops, shop, grunt_ogre_cave
D:8:      layout_basic, vehumet_altar_wand_db, evilmike_ruin_ashenzari,
          uniq_maggie, uniq_grum
D:9:      layout_gridville, david_orc_5
D:10:     cheibrodos_steamvent, layout_cave_pods
D:11:     layout_loops_ring, david_lair_shrubbed, fedhas_altar_decomposition,
          uniq_urug
D:12:     layout_small_grid
Temple:   compressed_dpeg_circular_temple
Lair:1:   layout_regular_city
Lair:2:   layout_layer_cave, spider_nest_entry_rubble, beast_lair_carwin_7,
          infiniplex_staircase_pool_2, uniq_sonja
Lair:3:   layout_roguey, swamp_mist_pool, uniq_fannar, uniq_gastronok
Lair:4:   layout_misc_corridors, gauntlet_entry_generic
Lair:5:   layout_cellular_growth, minmay_slime_entry_jelly_boxes, uniq_snorg
Lair:6:   due_jungle_book, layout_regular_city, maelrawn_ghost_gauntlet_escape,
          minivault_11
Swamp:1:  layout_basic_swamp, nicolae_swamp_godswood, cheibrodos_swamp_slimy
Abyss:4:  base: D:12, hangedman_abyss_mock_shop, nicolae_abyss_rune_left_handed,
          serial_sigils_hangedman_shear

Skill      XL: |  1  2  3  4  5  6  7  8  9 10 11 12 13 |
---------------+----------------------------------------+-----
Throwing       | 1 2 3 4 5 6 7 |  7.3
Unarmed Combat | 4 5 6 7 9 10 12 13 14 | 14.0
Stealth        | 2 3 4 5 |  5.2
Fighting       | 3 4 5 6 |  6.7
Dodging        | 3 4 5 6 |  6.8
Invocations    | 2 3 4 5 |  5.8
Shields        | 1 2 3 4 5 |  5.3
Spellcasting   | 1 2 |  2.5
Evocations     | 2 3 |  3.9
Maces & Flails | 1 2 3 |  3.8

Action                   |  1- 3 |  4- 6 |  7- 9 | 10-12 | 13-15 || total
-------------------------+-------+-------+-------+-------+-------++-------
Melee: Unarmed           |    95 |   170 |   265 |   397 |   192 ||  1119
       Punch             |     3 |     7 |     6 |    44 |    22 ||    82
       Great mace        |       |       |       |     7 |       ||     7
Throw: Boomerang         |       |    10 |    10 |    52 |    42 ||   114
       Dart              |       |       |    10 |       |       ||    10
       Stone             |       |       |     8 |       |       ||     8
       Javelin           |       |       |       |    17 |       ||    17
Invok: Heroism           |       |       |     3 |    18 |    12 ||    33
       Finesse           |       |       |       |     2 |     4 ||     6
  Use: Scroll            |     3 |     5 |    13 |    10 |     3 ||    34
       Potion            |       |       |       |     1 |     4 ||     5
 Stab: Sleeping          |     8 |     1 |    15 |     9 |    11 ||    44
       Distracted        |       |       |     2 |     2 |       ||     4
  Eat: Chunk             |    19 |    12 |    33 |    57 |    13 ||   134
       Ration            |       |       |       |     1 |     1 ||     2
Armor: Robe              |    46 |    32 |    46 |     3 |       ||   127
       Steam dragon scal |       |       |       |    68 |    32 ||   100
Dodge: Dodged            |    36 |    79 |   167 |   246 |   104 ||   632
